 Dungeon Crawl Stone Soup version 0.31.0-4-g52a2dc7128 (webtiles) character file.

Game seed: 3222122938212181413

4 stipulation the Ruffian (level 1, -2/19 HPs)
             Began as a Ghoul Monk on Jan 21, 2024.
             Slain by a jackal (3 damage)
             ... on level 1 of the Dungeon.
             The game lasted 00:00:06 (56 turns).

stipulation the Ruffian (Ghoul Monk)                  Turns: 56, Time: 00:00:07

Health: -2/19      AC:  2    Str: 14    XL:     1   Next: 70%
Magic:  1/1        EV: 12    Int:  9    God:
Gold:   8          SH:  0    Dex: 11    Spells: 0/0 levels left

rFire   . .          .
                       - Unarmed
rCold   + . .        c - orb {light}
rNeg    + + +        a - +0 robe
rPois   ∞            (no helmet)
rElec   .            (no cloak)
rCorr   .            (no gloves)
SInv    .            (no boots)
Will    .....        (no amulet)
Stlth   +            (no ring)
HPRegen 0.00/turn    (no ring)
MPRegen 0.07/turn

%: no passive effects
@: inhibited regen, glowing
A: claws 1, cold resistance 1, negative energy resistance 3, inhibited
regeneration, torment resistance 2, devour on kill
a: no special abilities


You were on level 1 of the Dungeon.
You visited 1 branch of the dungeon, and saw 1 of its levels.

You collected 8 gold pieces.

Inventory:

Armour
 a - a +0 robe (worn)
 c - an orb of light (worn)
Potions
 b - a potion of ambrosia


   Skills:
 - Level 3.2 Fighting
 - Level 2.6 Dodging
 + Level 3.7 Unarmed Combat


You couldn't memorise any spells.
You didn't know any spells.
Your spell library was empty.

Dungeon Overview and Level Annotations

Branches:
Dungeon (1/15)

Altars:


Innate Abilities, Weirdness & Mutations

You are immune to poison.
You have sharp fingernails.
Your flesh is cold resistant. (rC+)
You are immune to negative energy. (rN+++)
You do not regenerate when monsters are visible.
You are immune to unholy pain and torment.
You thrive by killing the living.


Message History

The jackal barely misses you. x2
You completely miss the jackal. The jackal barely misses you. x2
The jackal closely misses you.
You scratch the jackal but do no damage.
The jackal misses you. The jackal bites you. The jackal barely misses you.
The jackal bites you.
You scratch the jackal.
The jackal is severely wounded.
The jackal closely misses you.
The jackal bites you but does no damage. x2
The jackal closely misses you. The jackal bites you.
You barely miss the jackal.
The jackal is severely wounded.
A bat comes into view.
The jackal bites you but does no damage.
The jackal bites you. The jackal barely misses you.
The bat moves out of view.
You closely miss the jackal.
The jackal is severely wounded.
The jackal closely misses you. x3
A hobgoblin comes into view.
The hobgoblin shouts!
You claw the jackal!
You kill the jackal!
You feel better. The jackal closely misses you. The jackal bites you.
* * * LOW HITPOINT WARNING * * *
The jackal bites you.
* * * LOW HITPOINT WARNING * * *
The jackal misses you.
You barely miss the jackal.
The jackal is moderately wounded.
The jackal misses you. The jackal bites you.
* * * LOW HITPOINT WARNING * * *
You scratch the jackal.
You kill the jackal!
The bat closely misses you. The jackal barely misses you.
You scratch the jackal but do no damage.
The bat misses you. The jackal barely misses you. The bat hits you.
* * * LOW HITPOINT WARNING * * *
The jackal bites you.
You die...

#.....# ##.....###
#........####.
#.............
#.......#.....
######.......g...(
##.....#...)h......
##........†.@.......
#...........b.......
#...................
#...................
#...................
#...............###.
##.............##
##...#.##.#..##
##.####


You could see a jackal, a hobgoblin and a bat.

Vanquished Creatures
  2 jackals (D:1)
  A kobold (D:1)
  A rat (D:1)
4 creatures vanquished.

Notes
Turn   | Place    | Note
-------+----------+-------------------------------------------
     0 | D:1      | stipulation the Ghoul Monk began the quest for the Orb.
     0 | D:1      | Reached XP level 1. HP: 19/19 MP: 1/1
    56 | D:1      | Slain by a jackal

Illustrated notes

Levels and vault maps discovered:
D:1:      spicycebolla_green_bress_n_ham_2, layout_rooms,
          minmay_misc_feat_more_columns

Action                     || total
---------------------------++-------
  Melee: Unarmed           ||    22
 Armour: Robe              ||    21
  Dodge: Dodged            ||    39
